 Dungeon Crawl Stone Soup version 0.26.1-11-gd32895ea62 (webtiles) character file.

Game seed: 17801175847868188682

139821 infcreate the Unseen (level 16, -12/96 HPs)
             Began as a Vampire Enchanter on Apr 19, 2021.
             Was the Champion of Dithmenos.
             Hit by a javelin thrown by a merfolk javelineer (25 damage)
             ... on level 3 of the Shoals on Apr 20, 2021.
             The game lasted 02:40:28 (34449 turns).

infcreate the Unseen (Vampire Enchanter)           Turns: 34449, Time: 02:40:30

Health: -12/96     AC:  8    Str:  7    XL:     16   Next: 74%
Magic:  10/29      EV: 25    Int: 20    God:    Dithmenos [******]
Gold:   3133       SH:  5    Dex: 19    Spells: 17/33 levels left

rFire    + . .     SeeInvis +   G - +2 rapier (drain)
rCold    + + +     Faith    .   (no shield)
rNeg     + + +     Spirit   .   e - +1 robe {Will+}
rPois    ∞         Reflect  +   n - +1 helmet
rElec    .         Harm     .   q - scarf {rC+ rF+}
rCorr    .         Rampage  .   K - +0 pair of gloves
Will     +++..                  p - +1 pair of boots Stlth **********
                                g - amulet of reflection
HPRegen  0.00/turn              T - ring of stealth
MPRegen  0.21/turn              O - ring of willpower

@: bloodless, wreathed by umbra
A: fangs 3, see invisible, unbreathing
a: Bat Form, Revivify, Renounce Religion, Shadow Step, Shadow Form


You were on level 3 of the Shoals.
You worshipped Dithmenos.
Dithmenos was exalted by your worship.
You visited 5 branches of the dungeon, and saw 27 of its levels.
You also visited: Sewer, Bailey, Gauntlet and Ice Cave.

You collected 3365 gold pieces.
You spent 232 gold pieces at shops.


Innate Abilities, Weirdness & Mutations

You do not regenerate when monsters are visible.
You are frail without blood (-20% HP).
You can heal yourself when you bite living creatures.
You are immune to poison.
You have razor-sharp teeth.
You have supernaturally acute eyesight. (SInv)
You can survive without breathing.


   Skills:
 + Level 9.2 Fighting
 * Level 14.7 Short Blades
 * Level 14.8 Dodging
 * Level 20.1 Stealth
 + Level 9.4 Spellcasting
 * Level 18.7 Hexes


You had 17 spell levels left.
You knew the following spells:

 Your Spells              Type           Power        Failure   Level
c - Corona                Hex            78%          0%          1
d - Tukima's Dance        Hex            71%          0%          3
e - Ensorcelled Hibernat  Hex/Ice        94%          1%          2
f - Dazzling Flash        Conj/Hex       94%          1%          3
p - Fulminant Prism       Conj/Hex       23%          1%          4
t - Confusing Touch       Hex            71%          0%          3

Your spell library contained the following spells:

 Spells                   Type           Power        Failure   Level
 Slow                     Hex            71%          0%          2
 Summon Guardian Golem    Hex/Summ       47%          1%          3
 Metabolic Englaciation   Hex/Ice        23%          4%          5
 Silence                  Hex/Air        23%          4%          5
 Animate Skeleton         Necr           18%          8%          1
 Freeze                   Ice            36%          8%          1
 Magic Dart               Conj           36%          8%          1
 Pain                     Necr           36%          8%          1
 Shock                    Conj/Air       36%          8%          1
 Sting                    Tmut/Pois      36%          8%          1
 Summon Small Mammal      Summ           36%          8%          1
 Blink                    Tloc           N/A          11%         2
 Call Imp                 Summ           9%           11%         2
 Poisonous Vapours        Pois/Air       18%          11%         2
 Searing Ray              Conj           18%          11%         2
 Sublimation of Blood     Necr           4%           11%         2
 Call Canine Familiar     Summ           9%           22%         3
 Conjure Flame            Conj/Fire      9%           22%         3
 Frozen Ramparts          Ice            18%          22%         3
 Ignite Poison            Fire/Tmut/Pois 9%           22%         3
 Lesser Beckoning         Tloc           4%           22%         3
 Mephitic Cloud           Conj/Pois/Air  9%           22%         3
 Ozocubu's Armour         Ice            9%           22%         3
 Vampiric Draining        Necr           4%           22%         3
 Animate Dead             Necr           4%           58%         4
 Hailstorm                Conj/Ice       9%           58%         4
 Ice Form                 Ice/Tmut       9%           58%         4
 Iskenderun's Mystic Bla  Conj/Tloc      9%           58%         4
 Olgreb's Toxic Radiance  Pois           9%           58%         4
 Petrify                  Tmut/Erth      9%           58%         4
 Summon Ice Beast         Ice/Summ       9%           58%         4
 Summon Lightning Spire   Summ/Air       9%           58%         4
 Agony                    Necr           9%           90%         5
 Alistair's Intoxication  Tmut/Pois      6%           90%         5
 Bolt of Magma            Conj/Fire/Erth 4%           90%         5
 Irradiate                Conj/Tmut      4%           90%         5
 Iskenderun's Battlesphe  Conj           9%           90%         5
 Eringya's Noxious Bog    Tmut/Pois      4%           100%        6
 Freezing Cloud           Conj/Ice/Air   4%           100%        6
 Iron Shot                Conj/Erth      4%           100%        6
 Ozocubu's Refrigeration  Ice            4%           100%        6
 Simulacrum               Ice/Necr       4%           100%        6
 Statue Form              Tmut/Erth      6%           100%        6
 Haunt                    Necr/Summ      4%           100%        7
 Orb of Destruction       Conj           4%           100%        7
 Spellforged Servitor     Conj/Summ      4%           100%        7
 Infestation              Necr           4%           100%        8
 Shatter                  Erth           4%           100%        9
 Borgnjor's Revivificati  Necr           Unusable     N/A         8
 Necromutation            Tmut/Necr      Unusable     N/A         8
 Death's Door             Necr           Unusable     N/A         9

Inventory:

Hand Weapons
 b - a +3 dagger of flaming
 G - a +2 rapier of draining (weapon)
Missiles
 h - 5 throwing nets {=f}
Armour
 e - a +1 robe of willpower (worn)
 l - the +1 robe of the Shining Light {Stlth+}
   (You bought it in a shop on level 2 of the Orcish Mines)

   It makes you more stealthy.
 n - a +1 helmet (worn)
 p - a +1 pair of boots (worn)
 q - a scarf of resistance (worn)
 H - +3 steam dragon scales
 K - a +0 pair of gloves (worn)
 N - a +0 robe of resistance
Magical Staves
 S - an uncursed staff of fire {!a}
Jewellery
 f - an uncursed ring of fire
 g - an amulet of reflection (around neck)
 A - an uncursed amulet of the acrobat
 I - a +6 ring of intelligence
 M - the ring of Rubasoz {rElec rPois Slay+4}
   (You found it in a Gauntlet)

   [ring of slaying]

   It affects your accuracy and damage with ranged weapons and melee attacks
   (+4).
   It insulates you from electricity.
   It protects you from poison.
 O - a ring of willpower (right hand)
 Q - an uncursed ring of stealth
 R - an uncursed ring of resist corrosion
 T - a ring of stealth (left hand)
Wands
 u - a wand of flame (25)
 B - a wand of polymorph (8)
 C - a wand of acid (8)
 D - a wand of disintegration (15)
 F - a wand of random effects (25)
 J - a wand of enslavement (28)
 V - a wand of paralysis (22)
Scrolls
 d - 14 scrolls of identify {@r1}
 i - 11 scrolls of remove curse {@r2}
 m - 2 scrolls of blinking
 o - 8 scrolls of fog
 r - 2 scrolls of amnesia
 x - 5 scrolls of magic mapping
 y - 9 scrolls of teleportation {@r4}
 L - 2 scrolls of immolation
 W - 7 scrolls of fear
Potions
 a - 3 potions of cancellation
 c - 6 potions of attraction
 j - 13 potions of curing {@q1}
 k - 5 potions of brilliance
 s - 3 potions of might
 v - 2 potions of flight
 w - a potion of magic
 z - 4 potions of ambrosia
 E - 4 potions of haste {@q3}
 P - 2 potions of mutation
Miscellaneous
 U - a phantom mirror

Dungeon Overview and Level Annotations

Branches:
Dungeon (15/15)            Temple (1/1) D:5            Lair (6/6) D:8
 Shoals (3/4) Lair:4        Snake (0/4) Lair:4        Slime (0/5) Lair:6
    Orc (2/2) D:9             Elf (0/3) Orc:2        Vaults (0/5) D:13
 Depths (0/5) D:15          Sewer (visited)          Bailey (visited)
  IceCv (visited)         Gauntlet (visited)

Altars:
Ashenzari
Cheibriados
Dithmenos
Elyvilon
Fedhas
Gozag
Hepliaklqana
Kikubaaqudgha
Makhleb
Nemelex Xobeh
Okawaru
Qazlal
Ru
Sif Muna
Trog
Uskayaw
Vehumet
Wu Jian
Xom
Yredelemnul
Zin
The Shining One
Jiyva

Shops:
D:8 *   D:14 (   Orc:2 !=*[**   Shoals:1 ? Shoals:3

} ≈≈≈≈≈≈≈≈≈≈≈≈≈≈≈
≈≈≈≈≈≈≈≈≈≈≈≈≈≈≈
≈≈≈≈≈≈≈≈≈≈≈≈..≈
≈≈≈≈≈≈≈≈≈.≈≈..≈
≈≈≈≈≈≈≈m≈..≈..≈
≈≈≈≈≈≈{§≈≈.....
≈≈≈≈≈{m§§...... ≈
≈.≈≈≈≈§§§........≈
≈≈≈≈≈≈≈≈≈..[...m@####.....≈
≈≈≈≈≈≈≈≈≈........### .....≈
≈≈≈≈(.≈≈≈≈.........# ....≈≈
≈≈≈≈...≈≈≈≈..≈≈≈≈..##.....≈
≈≈≈..........≈≈≈..(.......≈
≈≈.......................≈≈
≈≈.....(....##..##........≈
≈≈..............###.......≈≈
≈≈....)..................≈≈≈


You could see a merfolk javelineer, a merfolk (blind, drained) and a friendly +0
trident.


Message History

Casting: Dazzling Flash (safe; 1% risk of failure)
Confirm with . or Enter, or press ? or * to list all spells.
The merfolk is dazzled. x2; Your +0 trident hits the merfolk!
The merfolk completely misses you.
Your +0 trident hits the merfolk from afar.
The merfolk barely misses you.
The merfolk javelineer throws a javelin.
The javelin pierces through you!!
* * * LOW HITPOINT WARNING * * *
You closely miss the merfolk.
The merfolk is moderately wounded.
Your shadow misses the merfolk. The merfolk hits you!
* * * LOW HITPOINT WARNING * * *
You emit a cloud of dark smoke.
The merfolk throws a boomerang.
The boomerang hits the merfolk!
The weapon returns to the merfolk!
Your +0 trident hits the merfolk from afar!
Something hits the merfolk.
The merfolk javelineer throws a javelin.
The javelin misses your +0 trident.
The javelin pierces through you!
* * * LOW HITPOINT WARNING * * *
Your +0 trident hits the merfolk from afar!
Something hits the merfolk!!
Unknown command.
You feel better.
Your +0 trident misses the merfolk.
Something hits the merfolk!
The merfolk dies!
Dithmenos accepts your kill.
The merfolk javelineer throws a javelin.
The javelin pierces through you!!
You die...

Skill      XL: |  1  2  3  4  5  6  7  8  9 10 11 12 13 14 15 16 |
---------------+-------------------------------------------------+-----
Stealth        | 5 6 7 9 10 12 13 15 16 18 19 20 | 20.1
Hexes          | 5 6 7 8 10 11 12 14 15 16 17 18 | 18.7
Short Blades   | 2 3 4 5 7 8 9 10 12 13 14 | 14.7
Dodging        | 3 4 5 6 7 8 9 11 12 13 14 | 14.8
Fighting       | 1 2 3 4 5 6 7 8 9 |  9.2
Spellcasting   | 3 4 5 6 7 8 9 |  9.4

Action                   |  1- 3 |  4- 6 |  7- 9 | 10-12 | 13-15 | 16-18 || total
-------------------------+-------+-------+-------+-------+-------+-------++-------
Melee: Dagger            |    64 |    97 |   519 |   660 |   709 |   113 ||  2162
       Bite              |     6 |     5 |    46 |    67 |   133 |    25 ||   282
       Rapier            |       |       |       |       |   512 |   126 ||   638
 Cast: Corona            |    10 |     6 |    22 |     3 |    15 |     2 ||    58
       Ensorcelled Hiber |     9 |    40 |    71 |    93 |   190 |    45 ||   448
       Confusing Touch   |       |     5 |    31 |    64 |    98 |    17 ||   215
       Tukima's Dance    |       |       |     4 |    11 |       |    22 ||    37
       Fulminant Prism   |       |       |       |    14 |    28 |     5 ||    47
       Dazzling Flash    |       |       |       |     8 |    44 |    34 ||    86
Invok: Shadow Step       |       |       |       |     2 |     1 |     1 ||     4
 Abil: Exsanguinate      |     1 |       |       |       |       |       ||     1
  Use: Scroll            |       |     8 |    15 |     9 |    17 |     4 ||    53
       Potion            |       |       |       |       |    10 |     1 ||    11
 Stab: Sleeping          |    23 |    30 |    62 |    99 |   194 |    47 ||   455
       Confused          |       |     1 |    25 |    62 |   121 |    19 ||   228
       Invisible         |       |       |       |    12 |    53 |    16 ||    81
       Distracted        |       |       |       |       |     2 |     1 ||     3
Armor: Robe              |    16 |    12 |    80 |       |     9 |    16 ||   133
       Steam dragon scal |       |       |    18 |    73 |   121 |     5 ||   217
Dodge: Dodged            |    33 |    53 |   357 |   404 |   946 |   191 ||  1984
Block: Other             |       |       |       |       |       |    31 ||    31
       Reflection        |       |       |       |       |       |     5 ||     5

Levels and vault maps discovered:
D:1:      grunt_arrival_crossed_arrows, layout_rooms, grunt_decor_mini_mirrors,
          minmay_split_cup_large
D:2:      layout_loops_corners, lightli_temple_of_fire,
          chequers_ecumenical_altar_simple_redux, kennysheep_potato
D:3:      layout_loops_ring, uniq_robin, uniq_ijyb, uniq_sigmund,
          uniq_crazy_yiuf_cottage
D:4:      layout_rooms, portal_sewer_entry_a, gammafunk_ghost_arena, uniq_edmund
D:5:      wander_guarded_unrand_ratskin, layout_basic,
          minmay_temple_entry_butterflies, uniq_menkaure
D:6:      layout_basic
D:7:      layout_rooms
D:8:      layout_basic, elyvilon_altar_5, david_lair_generic, serial_shops,
          shop, basic_altar
D:9:      layout_basic, grunt_temple_overflow_forces_of_nature,
          kennysheep_orc_monster_closet_entryway, nicolae_ru_awakened_eye
D:10:     layout_basic
D:11:     layout_roguey
D:12:     layout_roguey, basic_altar, ashenzari_altar_1, uniq_snorg
D:13:     layout_small_grid, erik_vaults_2, uniq_urug, uniq_josephine
D:14:     layout_stronghold, hangedman_decor_lopped, serial_shops, shop,
          chequers_serial_rivers_micro_a
D:15:     hangedman_depths_entry_civil_slaughter, layout_basic,
          minmay_misc_feat_room, gauntlet_entry_generic, uniq_kirke
Temple:   nicolae_temple_no_exploring_needed
Lair:1:   layout_loops_ring, basic_altar, gammafunk_ghost_wrathful_warriors,
          serial_bayou_shore_a, lemuel_fruit_tree, infiniplex_staircase_pool,
          uniq_harold
Lair:2:   layout_gridlike
Lair:3:   layout_concentric_octagons, serial_bayou_shore_b, grunt_megastairs_4
Lair:4:   layout_cave_shapes, minmay_shoals_entry_beasts,
          minmay_snake_entry_six_corridors, chequers_serial_rivers_micro_b,
          grunt_megastairs_3
Lair:5:   wander_river, layout_gridlike, portal_ice_cave_entry_pillars_2,
          special_room [special_room_mythical_zoo], beast_lair_carwin_10,
          minmay_lair_oklob_chamber
Lair:6:   due_jungle_book, layout_cave_pods, slime_altar_1
Shoals:1: layout_shoals, serial_shops, shop
Shoals:2: layout_shoals
Shoals:3: layout_shoals, serial_shops, nicolae_shop_statue_plus, uniq_polyphemus
Orc:1:    layout_diamond_mine, enter_bailey_7, ebering_ghost_disaster_area
Orc:2:    grunt_orc_tribal_feast, layout_diamond_mine, serial_shops, shop,
          minmay_shop_mayhem, nicolae_orc_lava_tube, nicolae_orc_lava_room

Notes
Turn   | Place    | Note
-------+----------+-------------------------------------------
     0 | D:1      | infcreate the Vampire Enchanter began the quest for the
                  | Orb.
     0 | D:1      | Reached XP level 1. HP: 13/13 MP: 3/3
   654 | D:1      | Reached XP level 2. HP: 15/15 MP: 5/5
   657 | D:1      | Learned a level 2 spell: Ensorcelled Hibernation
  1323 | D:2      | Reached XP level 3. HP: 20/20 MP: 6/6
  1327 | D:2      | Learned a level 3 spell: Confusing Touch
  1449 | D:2      | Reached skill level 5 in Stealth
  1579 | D:2      | Reached skill level 5 in Hexes
  1616 | D:2      | Reached skill level 2 in Short Blades
  1751 | D:2      | Found a faded altar of an unknown god.
  1821 | D:2      | Reached XP level 4. HP: 24/24 MP: 7/7
  2117 | D:2      | Found a bloodstained altar of Trog.
  2367 | D:3      | Noticed Ijyb
  2470 | D:3      | Killed Ijyb
  2471 | D:3      | Reached skill level 3 in Dodging
  2563 | D:3      | Reached skill level 1 in Fighting
  2667 | D:3      | Noticed Sigmund
  2671 | D:3      | Reached XP level 5. HP: 29/29 MP: 3/8
  2902 | D:3      | Noticed Robin
  3357 | D:3      | Found a runed translucent door.
  3358 | D:3      | Noticed Crazy Yiuf
  3370 | D:3      | Killed Crazy Yiuf
  3431 | D:3      | Killed Sigmund
  3432 | D:3      | Reached skill level 3 in Short Blades
  3432 | D:3      | Reached skill level 6 in Stealth
  3432 | D:3      | Reached skill level 6 in Hexes
  3432 | D:3      | Reached XP level 6. HP: 26/35 MP: 4/10
  3797 | D:3      | Killed Robin
  3900 | D:4      | Noticed Edmund
  3905 | D:4      | Reached skill level 4 in Dodging
  3915 | D:4      | Killed Edmund
  3916 | D:4      | Reached XP level 7. HP: 39/39 MP: 5/11
  3984 | D:4      | Reached skill level 2 in Fighting
  4036 | D:4      | Reached skill level 7 in Stealth
  4071 | D:4      | Found a glowing drain.
  4083 | D:4      | Reached skill level 4 in Short Blades
  4122 | Sewer    | Entered a sewer
  4209 | Sewer    | Reached skill level 3 in Spellcasting
  4823 | Sewer    | Reached skill level 7 in Hexes
  5207 | D:4      | Found a transporter.
  5211 | D:4      | Noticed RoadToAsh's ghost (amateur FoVM)
  5218 | D:4      | Found a transporter.
  5230 | D:4      | Reached skill level 5 in Dodging
  5230 | D:4      | Reached XP level 8. HP: 45/45 MP: 12/12
  5234 | D:4      | Learned a level 3 spell: Tukima's Dance
  5238 | D:4      | Learned a level 3 spell: Dazzling Flash
  5468 | D:5      | Entered Level 5 of the Dungeon
  5529 | D:5      | Found a staircase to the Ecumenical Temple.
  5580 | Temple   | Entered the Ecumenical Temple
  5587 | Temple   | Became a worshipper of Dithmenos the Shadowed
  5703 | D:5      | Noticed Menkaure
  5705 | D:5      | Killed Menkaure
  5706 | D:5      | Reached skill level 8 in Stealth
  5748 | D:5      | Found the +2 ratskin cloak {*Rats rPois rN+ Str-1 Int-1
                  | Dex+1}
  5916 | D:5      | Reached * piety under Dithmenos
  5917 | D:5      | Reached skill level 5 in Short Blades
  6613 | D:6      | Reached skill level 8 in Hexes
  6958 | D:6      | Reached skill level 3 in Fighting
  7264 | D:7      | Reached skill level 6 in Dodging
  7264 | D:7      | Reached skill level 9 in Stealth
  7463 | D:6      | Reached XP level 9. HP: 47/50 MP: 6/14
  7728 | D:7      | Reached ** piety under Dithmenos
  7808 | D:6      | Reached skill level 9 in Hexes
  7995 | D:7      | Reached skill level 6 in Short Blades
  7995 | D:7      | Reached skill level 4 in Spellcasting
  8547 | D:8      | Found a staircase to the Lair.
  8547 | D:8      | Noticed an elephant
  8754 | D:8      | Found Jiso's Assorted Antiques.
  8777 | D:8      | Reached skill level 10 in Stealth
  8889 | D:8      | Reached skill level 7 in Dodging
  8924 | D:8      | Killed an elephant
  9019 | D:8      | Reached skill level 10 in Hexes
  9057 | D:8      | Reached skill level 7 in Short Blades
  9150 | D:8      | Found a basalt altar of Yredelemnul.
  9566 | D:8      | Reached XP level 10. HP: 56/56 MP: 16/16
  9620 | D:8      | Found a white marble altar of Elyvilon.
  9623 | D:8      | Reached skill level 4 in Fighting
  9774 | D:9      | Reached skill level 11 in Stealth
  9963 | D:9      | Reached *** piety under Dithmenos
 10033 | D:9      | Found a sacrificial altar of Ru.
 10135 | D:9      | Noticed a two-headed ogre
 10144 | D:9      | Killed a two-headed ogre
 10145 | D:9      | Reached skill level 8 in Dodging
 10476 | D:9      | Found a staircase to the Orcish Mines.
 10565 | D:8      | Reached skill level 5 in Spellcasting
 10660 | D:9      | Reached skill level 11 in Hexes
 10731 | D:8      | Reached skill level 8 in Short Blades
 10797 | D:9      | Reached skill level 12 in Stealth
 10824 | D:9      | Found a blossoming altar of Fedhas.
 10917 | D:9      | Found a stormy altar of Qazlal.
 10980 | D:9      | Learned a level 4 spell: Fulminant Prism
 11226 | D:10     | Entered Level 10 of the Dungeon
 11354 | D:10     | Reached **** piety under Dithmenos
 11375 | D:10     | Noticed a two-headed ogre
 11384 | D:10     | Killed a two-headed ogre
 11385 | D:10     | Reached XP level 11. HP: 62/62 MP: 11/18
 11765 | D:11     | Noticed a four-headed hydra
 11797 | D:10     | Killed a four-headed hydra
 11902 | D:11     | Reached skill level 9 in Dodging
 11939 | D:11     | Reached skill level 5 in Fighting
 11940 | D:11     | Noticed a two-headed ogre
 12042 | D:11     | Noticed a boulder beetle
 12048 | D:11     | Killed a boulder beetle
 12049 | D:11     | Reached skill level 12 in Hexes
 12129 | D:11     | Killed a two-headed ogre
 12130 | D:11     | Reached skill level 9 in Short Blades
 12130 | D:11     | Reached skill level 13 in Stealth
 12286 | D:11     | Reached ***** piety under Dithmenos
 12890 | Lair:1   | Entered Level 1 of the Lair of Beasts
 12910 | Lair:1   | Found a transporter.
 12910 | Lair:1   | Identified the cursed +1 spear "Bytanoam" {antimagic, rElec
                  | Str+3 Dex+4}
 12910 | Lair:1   | Noticed a spriggan rider
 13057 | D:4      | Killed RoadToAsh's ghost
 13226 | Lair:1   | Found a shimmering altar of Xom.
 13290 | Lair:1   | Noticed Harold
 13294 | Lair:1   | Killed Harold
 13345 | Lair:1   | Noticed a six-headed hydra
 13367 | Lair:1   | Found a transporter.
 13372 | Lair:1   | Identified the cursed +3 quarterstaff of Okawaru's Outrage
                  | {flame, rElec rF- rN++ Will+}
 13372 | Lair:1   | Noticed a spriggan berserker
 13372 | Lair:1   | Noticed Domino's ghost (journeyman MiBe)
 13373 | Lair:1   | Found a bloodstained altar of Trog.
 13388 | Lair:1   | Identified a +0 robe of resistance (You found it on level 1
                  | of the Lair of Beasts)
 13395 | Lair:1   | Identified the Guide on Attacks and Flight
 13584 | Lair:1   | Reached skill level 6 in Spellcasting
 13629 | Lair:1   | Killed a six-headed hydra
 13630 | Lair:1   | Reached XP level 12. HP: 56/68 MP: 13/21
 14303 | Lair:2   | Reached skill level 10 in Dodging
 14303 | Lair:2   | Reached skill level 13 in Hexes
 14376 | Lair:2   | You fall into a shaft and drop 2 floors!
 14382 | Lair:4   | Reached skill level 14 in Stealth
 14388 | Lair:4   | Found a staircase to the Snake Pit.
 14448 | Lair:4   | Reached skill level 10 in Short Blades
 14812 | Lair:3   | Noticed an eight-headed hydra
 14816 | Lair:3   | Killed an eight-headed hydra
 14817 | Lair:3   | Reached skill level 6 in Fighting
 16348 | Lair:4   | Found a staircase to the Shoals.
 16470 | Lair:4   | Reached skill level 15 in Stealth
 16470 | Lair:4   | Reached skill level 14 in Hexes
 16684 | Lair:4   | Noticed a four-headed hydra
 16713 | Lair:4   | Killed a four-headed hydra
 16714 | Lair:4   | Reached skill level 11 in Dodging
 16872 | Lair:5   | Noticed a six-headed hydra
 16964 | Lair:5   | Found a frozen archway.
 16973 | IceCv    | Entered an ice cave
 17308 | IceCv    | Reached XP level 13. HP: 75/75 MP: 4/23
 17700 | Lair:5   | Identified a scroll of acquirement
 17700 | Lair:5   | Acquired a +2 rapier of draining
 17721 | Lair:5   | Reached skill level 11 in Short Blades
 17918 | Lair:5   | Got a fading scimitar
 17919 | Lair:5   | Identified the +8 scimitar of Articulation {holy, rElec}
                  | (You found it on level 5 of the Lair of Beasts)
 18261 | Lair:5   | Reached skill level 7 in Spellcasting
 18592 | Lair:5   | Reached skill level 16 in Stealth
 18717 | Lair:5   | Reached skill level 15 in Hexes
 18811 | Lair:5   | Reached skill level 7 in Fighting
 19183 | Lair:5   | Reached skill level 12 in Dodging
 19558 | Lair:5   | Identified the Handbook of the Well-Known Youths
 19696 | Lair:6   | Entered Level 6 of the Lair of Beasts
 19864 | Lair:6   | Reached skill level 12 in Short Blades
 19864 | Lair:6   | Reached XP level 14. HP: 82/82 MP: 25/25
 19929 | Lair:6   | Found a staircase to the Slime Pits.
 19929 | Lair:6   | Found a viscous altar of Jiyva.
 19932 | Lair:6   | Reached ****** piety under Dithmenos
 20436 | Lair:6   | Reached skill level 17 in Stealth
 21325 | Lair:6   | Reached skill level 16 in Hexes
 21640 | Orc:1    | Entered Level 1 of the Orcish Mines
 21644 | Orc:1    | Found a large runed translucent door.
 21644 | Orc:1    | Found a large runed translucent door.
 21764 | Orc:1    | Found a flagged portal.
 21861 | Bailey   | Entered a bailey
 22309 | Orc:1    | You fall into a shaft and drop 1 floor!
 22309 | Orc:2    | Entered Level 2 of the Orcish Mines
 22378 | Orc:2    | Reached skill level 8 in Spellcasting
 22392 | Orc:2    | Found a staircase to the Elven Halls.
 22397 | Orc:2    | Found Umasokh's Distillery.
 22534 | Orc:1    | Noticed Torikoriko's ghost (journeyman PaDe)
 22542 | Orc:1    | Killed Torikoriko's ghost
 22658 | Orc:1    | Noticed an orc warlord
 22750 | Orc:1    | Killed an orc warlord
 22783 | Orc:1    | Noticed an orc warlord
 22814 | Orc:1    | Killed an orc warlord
 23342 | Orc:2    | Reached skill level 13 in Dodging
 24062 | Orc:2    | Found Xayw's Antique Armour Boutique.
 24062 | Orc:2    | Found Ifakaepe's Assorted Antiques.
 24064 | Orc:2    | Found Iloet's Jewellery Boutique.
 24064 | Orc:2    | Found Oppuy's General Store.
 24073 | Orc:2    | Bought the +1 robe of the Shining Light {Stlth+} for 232
                  | gold pieces
 24142 | Orc:2    | Reached skill level 13 in Short Blades
 24422 | Orc:2    | Found Conn's Mayhem Merchandise.
 24455 | Orc:2    | Reached skill level 18 in Stealth
 24649 | Orc:2    | Reached XP level 15. HP: 88/88 MP: 22/27
 24797 | Orc:2    | Reached skill level 8 in Fighting
 25181 | D:12     | Noticed Snorg
 25183 | D:12     | Killed Snorg
 25224 | D:12     | Found a broken altar of Ashenzari.
 25473 | D:12     | Found a shimmering altar of Xom.
 25605 | D:13     | Noticed Josephine
 25658 | D:13     | Killed Josephine
 25659 | D:13     | Reached skill level 17 in Hexes
 25957 | D:13     | Found a gate to the Vaults.
 26357 | D:13     | Noticed Urug
 26381 | D:13     | Killed Urug
 27458 | D:14     | Found Waett's Antique Weapon Shop.
 27783 | D:15     | Entered Level 15 of the Dungeon
 27783 | D:15     | Found a gate leading to a gauntlet.
 27792 | Gauntlet | Entered a Gauntlet
 27792 | Gauntlet | Found a runed translucent door.
 27792 | Gauntlet | Found a transporter.
 27792 | Gauntlet | Found a runed translucent door.
 27792 | Gauntlet | Found a transporter.
 27800 | Gauntlet | Found a transporter.
 27804 | Gauntlet | Found a transporter.
 27816 | Gauntlet | Found a transporter.
 27816 | Gauntlet | Found a transporter.
 27824 | Gauntlet | Found a transporter.
 27841 | Gauntlet | Found a transporter.
 27855 | Gauntlet | Found a transporter.
 27859 | Gauntlet | Found a transporter.
 27871 | Gauntlet | Found a transporter.
 27871 | Gauntlet | Found a transporter.
 27974 | Gauntlet | Found a runed translucent door.
 28177 | Gauntlet | HP: 4/89 [death scarab (19)]
 28191 | Gauntlet | Got a transparent glass ring
 28281 | Gauntlet | HP: 5/89 [spectral torpor snail (12)]
 28664 | D:15     | Reached skill level 19 in Stealth
 28694 | D:15     | Noticed Kirke
 28843 | D:15     | Killed Kirke
 28844 | D:15     | Reached skill level 14 in Dodging
 28879 | D:15     | Paralysed by an ogre mage for 2 turns
 28996 | D:15     | Identified the ring of Rubasoz {rElec rPois Slay+4} (You
                  | found it in a Gauntlet)
 29235 | D:15     | Reached skill level 14 in Short Blades
 29247 | D:15     | Reached XP level 16. HP: 94/94 MP: 28/28
 29362 | D:15     | Reached skill level 9 in Spellcasting
 29409 | D:15     | Reached skill level 18 in Hexes
 29513 | D:15     | Found a staircase to the Depths.
 30439 | Lair:1   | Killed Domino's ghost
 30661 | Shoals:1 | Entered Level 1 of the Shoals
 30966 | Shoals:1 | Found Ecuvex's Magic Scroll Emporium.
 31894 | Shoals:2 | Reached skill level 9 in Fighting
 32125 | Shoals:2 | Identified a scarf of resistance (You found it on level 2
                  | of the Shoals)
 33442 | Shoals:3 | Found Fivvu's Gadget Shop.
 33447 | Shoals:3 | Noticed Polyphemus
 33532 | Shoals:3 | Reached skill level 20 in Stealth
 33743 | Shoals:3 | Killed Polyphemus
 34448 | Shoals:3 | HP: 7/96 [merfolk javelineer/javelin (14)]
 34449 | Shoals:3 | Hit by a javelin thrown by a merfolk javelineer

Vanquished Creatures
  Polyphemus (Shoals:3)
  Kirke (D:15)
  2 orc warlords (Orc:1)
  The ghost of Torikoriko the Fighter, a journeyman PaDe of Gozag (Orc:1)
  3 dire elephants (Lair:6)
  Snorg (D:12)
  A merfolk javelineer (Shoals:3)
  An ettin (D:15)
  Josephine (D:13)
  The ghost of Domino the Cleaver, a journeyman MiBe of Trog (Lair:1)
  8 vault guards (D:13)
  2 ogre magi (D:15)
  A rakshasa (D:14)
  2 merfolk impalers (Shoals:3)
  Harold (Lair:1)
  4 catoblepae
  2 centaur warriors
  2 boulder beetles
  9 two-headed ogres
  13 hydras
  3 merfolk avatars
  An anaconda (Lair:6)
  A death scarab (Gauntlet)
  A spriggan berserker (Lair:1)
  2 tengu warriors
  Urug (D:13)
  3 death yaks
  3 orc high priests (Orc:2)
  A hell knight (D:15)
  7 sea snakes
  4 unseen horrors
  A deep elf archer (D:15)
  10 orc knights
  3 harpies (Shoals:2)
  4 orc sorcerers
  8 manticores
  5 oklob plants
  7 fauns
  16 ugly things
  A worldbinder (Gauntlet)
  2 moths of wrath (Lair:1)
  2 cyclopes
  4 water nymphs
  A black mamba (Lair:3)
  4 merfolk sirens
  16 elephants
  A molten gargoyle (Orc:2)
  3 ice statues (IceCv)
  A gargoyle (D:11)
  2 torpor snails (Lair:5)
  4 cane toads
  A kobold demonologist (D:14)
  2 efreet (D:13)
  2 rime drakes
  7 komodo dragons
  3 tengu conjurers
  A meliai (shapeshifter) (D:11)
  A hornet (Lair:1)
  8 merfolk
  9 polar bears
  A jumping spider (shapeshifter) (D:15)
  2 wind drakes
  5 trolls
  19 blink frogs
  17 dream sheep
  The ghost of RoadToAsh the Stinger, an amateur FoVM of Ashenzari (D:4)
  4 snapping turtles
  3 slime creatures (D:15)
  4 shadows
  Sigmund (D:3)
  29 yaks
  3 spriggans (Lair:1)
  19 wyverns
  A water elemental (Shoals:1)
  A vampire (D:15)
  3 wraiths (D:13)
  A fire elemental (Orc:2)
  8 basilisks
  2 steam dragons
  2 hogs (D:15)
  7 vampire mosquitoes
  Edmund (D:4)
  Menkaure (D:5)
  5 wargs
  An acid dragon (D:13)
  A spectral cane toad (Gauntlet)
  16 water moccasins
  A soldier ant (D:9)
  A spectral torpor snail (Gauntlet)
  2 hell hounds (Lair:5)
  10 ice beasts
  32 orc warriors
  An eye of draining (D:15)
  5 black bears
  3 boggarts (Gauntlet)
  3 sky beasts
  A tengu (shapeshifter) (Gauntlet)
  12 ogres
  An eye of draining (shapeshifter) (Gauntlet)
  2 phantoms
  A boggart (shapeshifter) (Gauntlet)
  6 wolves
  9 centaurs
  12 big kobolds
  27 bullfrogs
  6 gnoll sergeants (D:9)
  A wyvern skeleton (D:11)
  5 scorpions
  3 killer bees (D:9)
  15 wights
  3 howler monkeys (D:11)
  A lava snake (Orc:2)
  A bullfrog zombie (D:6)
  An electric eel (D:15)
  8 hounds
  3 centaur skeletons
  4 centaur zombies
  Crazy Yiuf (D:3)
  16 orc priests
  5 bullfrog skeletons
  3 iguanas
  Ijyb (D:3)
  22 orc wizards
  10 worker ants
  3 hell rats
  A hound zombie (D:5)
  A hound skeleton (D:7)
  2 worker ant zombies
  Robin (D:3)
  29 adders
  6 gnolls
  12 river rats
  A shadow imp (D:7)
  A white imp (D:8)
  An ufetubus (D:6)
  2 oozes
  2 adder skeletons
  3 worms
  3 dart slugs
  5 leopard geckos
  80 orcs
  14 ball pythons
  8 giant cockroaches
  15 hobgoblins
  7 jackals
  32 kobolds
  4 quokkas
  11 bats
  5 frilled lizards
  19 goblins
  A jackal zombie (D:3)
  3 leopard gecko skeletons
  44 rats
  A butterfly (D:5)
926 creatures vanquished.

Vanquished Creatures (collateral kills)
  A two-headed ogre (D:10)
  A cyclops (Shoals:3)
  6 merfolk (Shoals:3)
  3 ogres
11 creatures vanquished.

Vanquished Creatures (others)
  3 dancing weapons
  4 humans (D:15)
  2 orc priests (Orc:2)
  47 fulminant prisms
  31 fungi
  50 plants
  4 withered plants (Gauntlet)
141 creatures vanquished.

Grand Total: 1078 creatures vanquished

Table legend: (Time is in decaauts)
 A = Elapsed time spent in this place.
 B = Non-inter-level travel time spent in this place.
 C = Inter-level travel time spent in this place.
 D = Time resting spent in this place.
 E = Time spent auto-exploring this place.
 F = Levels seen in this place.
 G = Mean time per level.
                   A        B        C        D        E       F      G
               +--------+--------+--------+--------+--------+-----+--------+
         Total |  33668 |  32062 |   1606 |   4116 |  19519 |  31 | 1086.1 |
       Dungeon |  16182 |  15216 |    966 |    852 |  10434 |  15 | 1078.8 |
        Temple |     14 |     14 |      0 |      0 |      0 |   1 |   14.0 |
          Lair |   7955 |   7450 |    505 |    716 |   4977 |   6 | 1325.8 |
        Shoals |   3857 |   3763 |     94 |   1369 |   1705 |   3 | 1285.7 |
  Orcish Mines |   2969 |   2929 |     40 |    416 |   1685 |   2 | 1484.5 |
         Sewer |   1035 |   1035 |      0 |     43 |    476 |   1 | 1035.0 |
        Bailey |    205 |    205 |      0 |     12 |     65 |   1 |  205.0 |
      Ice Cave |    672 |    672 |      0 |    348 |     65 |   1 |  672.0 |
      Gauntlet |    775 |    775 |      0 |    360 |    109 |   1 |  775.0 |
               +--------+--------+--------+--------+--------+-----+--------+

Top non-repeatable levels by time:
  Lair:5: 1935 daAuts
  Lair:6: 1722 daAuts
     D:3: 1548 daAuts
   Orc:2: 1534 daAuts
     D:9: 1456 daAuts
  Lair:1: 1451 daAuts
   Orc:1: 1435 daAuts
     D:8: 1375 daAuts
Shoals:2: 1366 daAuts
     D:6: 1364 daAuts
Shoals:3: 1302 daAuts
    D:14: 1281 daAuts
    D:15: 1252 daAuts
Shoals:1: 1189 daAuts
     D:2: 1158 daAuts

Table legend:
 A = Non-vault XP
 B = Vault XP
 C = Vault XP percentage of total XP
 D = Non-vault monster count
 E = Vault monster count
 F = Vault count percentage of total count
                 A         B        C        D         E       F
            +---------+---------+-------+---------+---------+-------
      Total |  132030 |   67841 |  33.9 |     636 |     300 |  32.1
            +---------+---------+-------+---------+---------+-------
        D:1 |      21 |       7 |  25.0 |      12 |       4 |  25.0
        D:2 |      69 |       4 |   5.5 |      17 |       2 |  10.5
        D:3 |     104 |     333 |  76.2 |      24 |      14 |  36.8
        D:4 |     344 |     487 |  58.6 |      21 |      10 |  32.3
        D:5 |     204 |     297 |  59.3 |      15 |      22 |  59.5
        D:6 |     799 |       0 |   0.0 |      15 |       0 |   0.0
        D:7 |     598 |       0 |   0.0 |      19 |       0 |   0.0
        D:8 |    1458 |    1195 |  45.0 |      40 |       6 |  13.0
        D:9 |    2756 |    1695 |  38.1 |      31 |      18 |  36.7
       D:10 |    2189 |       0 |   0.0 |      21 |       0 |   0.0
       D:11 |    5833 |       0 |   0.0 |      53 |       0 |   0.0
       D:12 |    5830 |    1185 |  16.9 |      24 |       1 |   4.0
       D:13 |    6189 |   10280 |  62.4 |      21 |      13 |  38.2
       D:14 |    9961 |       0 |   0.0 |      19 |       0 |   0.0
       D:15 |   13949 |    7415 |  34.7 |      52 |       9 |  14.8
     Lair:1 |    2669 |    5098 |  65.6 |       9 |       8 |  47.1
     Lair:2 |    1320 |       0 |   0.0 |       6 |       0 |   0.0
     Lair:3 |    4366 |      88 |   2.0 |      17 |       1 |   5.6
     Lair:4 |    4550 |    3986 |  46.7 |      13 |      23 |  63.9
     Lair:5 |   11662 |   11601 |  49.9 |      32 |      40 |  55.6
     Lair:6 |   16779 |    2831 |  14.4 |      40 |       5 |  11.1
   Shoals:1 |    6799 |       0 |   0.0 |      14 |       0 |   0.0
   Shoals:2 |    5872 |     861 |  12.8 |      11 |       1 |   8.3
   Shoals:3 |   15495 |    5061 |  24.6 |      35 |       4 |  10.3
      Orc:1 |    8379 |    1840 |  18.0 |      46 |       6 |  11.5
      Orc:2 |    3835 |    7310 |  65.6 |      29 |      28 |  49.1
      Sewer |       0 |     375 | 100.0 |       0 |      48 | 100.0
     Bailey |       0 |     589 | 100.0 |       0 |      16 | 100.0
      IceCv |       0 |    3132 | 100.0 |       0 |      11 | 100.0
   Gauntlet |       0 |    2171 | 100.0 |       0 |      10 | 100.0
            +---------+---------+-------+---------+---------+-------
